 Dungeon Crawl Stone Soup version 0.28.0-43-g3370ac3207 (webtiles) character file.

Game seed: 9282424212689987447

182 PilotEpisode the Skirmisher (level 5, -4/51 HPs)
             Began as a Ghoul Wanderer on Mar 14, 2022.
             Slain by an ogre
             ... wielding a +0 giant spiked club
              (12 damage)
             ... on level 4 of the Dungeon.
             The game lasted 00:12:38 (3602 turns).

PilotEpisode the Skirmisher (Ghoul Wanderer)        Turns: 3602, Time: 00:12:39

Health: -4/51      AC:  4    Str: 19    XL:     5   Next: 61%
Magic:  4/4        EV: 11    Int:  6    God:
Gold:   77         SH:  0    Dex:  8    Spells: 4/4 levels left

rFire   . . .      SeeInvis .   h - +0 short sword (flame)
rCold   + . .      Faith    .   (no shield)
rNeg    + + +      Spirit   .   c - +0 leather armour
rPois   ∞          Reflect  .   (no helmet)
rElec   .          Harm     .   (no cloak)
rCorr   .          Rampage  .   b - +0 pair of gloves
Will    .....                   (no boots)
Stlth   +.........              (no amulet)
HPRegen 0.00/turn               (no ring)
MPRegen 0.09/turn               (no ring)

@: inhibited regen
A: claws 1, cold resistance 1, negative energy resistance 3, inhibited
regeneration, torment resistance 2
a: no special abilities


You were on level 4 of the Dungeon.
You visited 1 branch of the dungeon, and saw 4 of its levels.

You collected 77 gold pieces.

Inventory:

Hand Weapons
 a - a +3 quarterstaff
 e - a +0 spear
 h - a +0 short sword of flaming (weapon)
Armour
 b - a +0 pair of gloves (worn)
 c - a +0 leather armour (worn)
Magical Staves
 j - a staff of air
Jewellery
 m - an amulet of faith
Wands
 i - a wand of polymorph (9)
Scrolls
 d - 2 scrolls of enchant armour {unknown}
 f - 3 scrolls of identify {unknown}
 n - a scroll of fear {unknown}
 o - a scroll of brand weapon {unknown}
 q - 2 scrolls of teleportation {unknown}
Potions
 g - a potion of brilliance {unknown}
 k - a potion of curing {unknown}
 l - 2 potions of flight {unknown}
 p - a potion of haste {unknown}


   Skills:
 + Level 6.5 Fighting
 + Level 1.4 Short Blades
 + Level 2.5 Staves
 + Level 2.2 Armour
 + Level 2.1 Dodging
 + Level 0.5 Stealth
 + Level 1.0 Evocations


You had 4 spell levels left.
You didn't know any spells.
Your spell library contained the following spells:

 Spells                   Type           Power      Damage    Failure   Level
 Gell's Gravitas          Tloc           0%         N/A       87%         3
 Teleport Other           Tloc           0%         N/A       87%         3
 Dispersal                Tloc           0%         N/A       100%        6


Dungeon Overview and Level Annotations

Branches:
Dungeon (4/15)
 Temple: D:4-7

Altars:
Wu Jian

Shops:
D:1 !


Innate Abilities, Weirdness & Mutations

You thrive by killing the living.
You are immune to poison.
You have sharp fingernails.
Your flesh is cold resistant. (rC+)
You are immune to negative energy. (rN+++)
You do not regenerate when monsters are visible.
You are immune to unholy pain and torment.


Message History

q - 2 scrolls labelled BOPTECUZEGI
Things that are here:
a +0 dagger; 28 stones; a goblin corpse HP restored.
An endoplasm comes into view.
Found a knobbly runed staff.
The endoplasm quivers.
An ogre comes into view. It is wielding a +0 giant spiked club.
Found an escape hatch in the ceiling.
The ogre shouts!
The endoplasm freezes you.
You are frozen.
You resist.
You hit the endoplasm. You burn the endoplasm.
You kill the endoplasm!
You feel better.
You hit the ogre. You burn the ogre.
The ogre is lightly wounded.
The ogre closely misses you.
You hit the ogre. You burn the ogre.
The ogre is moderately wounded.
The ogre hits you with a +0 giant spiked club!!
Ouch! That really hurt!
You barely miss the ogre.
The ogre is moderately wounded.
The ogre hits you with a +0 giant spiked club!
* * * LOW HITPOINT WARNING * * *
You barely miss the ogre.
The ogre is moderately wounded.
The ogre closely misses you.
You don't know any spells.
Aiming: Polymorph
Press: ? - help, Shift-Dir - straight line, f - ogre
Aim: an ogre, wielding a +0 giant spiked club (moderately wounded, will become a bullfrog, a tengu, or a howler monkey, chance to affect: 50%)
Okay, then.
You hit the ogre. You burn the ogre.
The ogre is heavily wounded.
You hit the ogre. You burn the ogre.
The ogre is severely wounded.
The ogre hits you with a +0 giant spiked club!
You die...

.................
.........<.......
.................
.................
.................
.................
.......O.........
.......@.........
................|
.................
.................
.................
.................
.................
.................
.................


You could see an ogre.

Vanquished Creatures
  A black bear (D:4)
  A gnoll (D:1)
  3 adders
  An adder skeleton (D:3)
  2 worms (D:2)
  3 ball pythons
  8 endoplasms
  2 giant cockroaches
  8 goblins
  5 hobgoblins
  5 bats
  3 frilled lizards (D:2)
  7 kobolds
  2 rats
51 creatures vanquished.

Notes
Turn   | Place    | Note
-------+----------+-------------------------------------------
     0 | D:1      | PilotEpisode the Ghoul Wanderer began the quest for the
                  | Orb.
     0 | D:1      | PilotEpisode set off with the following items: a +3
                  | quarterstaff, a +0 pair of gloves, a +0 leather armour
     0 | D:1      | Reached XP level 1. HP: 23/23 MP: 0/0
    62 | D:1      | Reached XP level 2. HP: 8/30 MP: 1/1
   275 | D:1      | Reached skill level 6 in Fighting
   296 | D:1      | Found Kucs's Distillery.
   644 | D:1      | Reached XP level 3. HP: 37/37 MP: 2/2
   772 | D:1      | Found a faded altar of an unknown god.
  1555 | D:2      | Reached skill level 1 in Armour
  2135 | D:2      | Reached XP level 4. HP: 44/44 MP: 3/3
  2716 | D:3      | Found an ornate altar of the Wu Jian Council.
  3358 | D:4      | Noticed a black bear
  3369 | D:4      | Killed a black bear
  3370 | D:4      | Reached skill level 1 in Short Blades
  3370 | D:4      | Reached XP level 5. HP: 17/51 MP: 4/4
  3592 | D:4      | Noticed an ogre
  3602 | D:4      | Slain by an ogre

Illustrated notes

Levels and vault maps discovered:
D:1:      dpeg_arrival_more_subterranean_lakeside_camping, layout_basic,
          shapermc_ecumenical_altar_venn, serial_shops, nicolae_square_shop,
          minmay_misc_feat_rows, minmay_pentomino_r4
D:2:      layout_basic
D:3:      layout_basic, nicolae_wu_jian_wuxing_cycle, minmay_hedge_maze,
          corexii_shack
D:4:      layout_basic, zin_academy, gup_sewer_entry_spiral, uniq_natasha

Skill      XL: |  1  2  3  4 |
---------------+-------------+-----
Fighting       | 6 |  6.5
Staves         | 2 |  2.5
Armour         | 1 2 |  2.2
Short Blades   | 1 |  1.4
Dodging        | 2 |  2.1
Stealth        | |  0.5
Evocations     | |  1.0

Action                   |  1- 3 |  4- 6 || total
-------------------------+-------+-------++-------
Melee: Quarterstaff      |    42 |       ||    42
       Short sword       |    29 |    83 ||   112
       Punch             |       |     1 ||     1
Armor: Leather armour    |    19 |    41 ||    60
Dodge: Dodged            |    30 |    58 ||    88
